Map: Ulrena

Players

wizardgamer

  • Race: Zerg Zerg
  • League: Master

TheZergLord - Winner!

  • Race: Zerg Zerg
  • League: Grandmaster

VOD

Have the link to the VOD?

Description

Time

  • Played on: May 27, 2016, 1:08 p.m.
  • Length: 6:06
Show
View Real Time Build Order
Export as new Build Order

wizardgamer Zerg 

Build Orders: Pool First 

Get SALT Encoding   

  12  0:02  Drone  
  13  0:15  Overlord  
  13  0:18  Drone  
  14  0:33  Drone x2  
  16  0:41  Spawning Pool  
  15  0:44  Extractor  
  15  0:47  Drone  
  15  0:51  Drone  
  16  1:17  Hatchery  
  15  1:29  Zergling x4  
  15  1:30  Zergling x2  
  18  1:42  Queen  
  20  1:50  Zergling x2  
  21  1:55  Zergling x2  
  21  1:59  Metabolic Boost  
  21  2:08  Overlord  
  21  2:28  Drone x2  
  21  2:29  Queen  
  25  2:35  Drone x2  
  27  2:41  Drone  
  28  2:45  Zergling x2  
  29  2:51  Drone x2  
  29  2:53  Drone  
  32  3:02  Overlord  
  30  3:07  Overlord  
  30  3:23  Hatchery  
  29  3:27  Drone x2  
  29  3:31  Drone  
  29  3:34  Drone  
  33  3:37  Drone x2  
  34  3:48  Drone x4  
  35  3:54  Drone x2  
  39  4:01  Roach Warren  
  39  4:02  Drone, Extractor  
  37  4:04  Drone  
  37  4:06  Drone  
  37  4:09  Drone  
  40  4:11  Drone  
  41  4:29  Drone  
  41  4:31  Evolution Chamber  
  41  4:34  Lair  
  41  4:36  Queen  
  41  4:38  Overlord x2  
  43  4:41  Roach  
  43  4:42  Roach  
  47  4:50  Overlord  
  47  4:52  Roach x3  
  53  4:56  Roach  
  55  5:02  Drone  
  55  5:03  Drone x2  
  55  5:05  Drone  
  59  5:08  Extractor  
  58  5:19  Drone  
  58  5:20  Drone x3  
  62  5:22  Overlord  
  62  5:23  Extractor, Overlord  
  62  5:24  Overlord  
  61  5:30  Drone x3  
  61  5:32  Drone  
  61  5:35  Drone x2  
  67  5:38  Drone  
Show
View Real Time Build Order
Export as new Build Order

TheZergLord Zerg - Winner!

Build Orders: Pool First 

Get SALT Encoding   

  12  0:01  Drone  
  13  0:23  Spawning Pool  
  13  0:26  Drone  
  13  0:29  Drone  
  14  0:38  Drone, Extractor  
  15  0:52  Overlord  
  15  1:12  Queen, Zergling x6  
  20  1:23  Zergling x2  
  21  1:34  Zergling x2  
  21  1:39  Hatchery  
  21  1:49  Queen, Extractor  
  23  1:58  Overlord  
  23  2:15  Spine Crawler  
  23  2:18  Drone  
  23  2:19  Drone x2  
  25  2:25  Queen  
  27  2:30  Extractor  
  27  2:32  Drone  
  27  2:37  Drone  
  28  2:44  Drone x2  
  28  2:51  Drone  
  30  3:11  Drone x3  
  30  3:12  Drone x2  
  35  3:17  Overlord  
  35  3:22  Overlord  
  35  3:39  Roach Warren  
  34  3:47  Drone x2  
  34  3:48  Drone x5  
  40  3:57  Spore Crawler  
  41  4:02  Drone  
  41  4:03  Drone x3  
  41  4:05  Metabolic Boost  
  44  4:10  Drone  
  44  4:15  Drone  
  46  4:27  Hatchery  
  46  4:29  Extractor  
  46  4:30  Drone  
  45  4:31  Drone x2  
  45  4:32  Drone  
  45  4:33  Overlord  
  48  4:38  Overlord  
  48  4:40  Zergling x2, Roach  
  51  4:55  Roach  
  51  4:56  Roach x3  
  51  4:57  Roach x2  
  63  5:04  Overlord x2  
  63  5:06  Roach  
  65  5:07  Roach  
  66  5:24  Roach x4  
  66  5:25  Zergling x4  
  66  5:26  Zergling x2  
  77  5:32  Zergling x2, Roach x2  
Tags
 
Add a new tag
Caveats
  • Supply blocks, unpowered buildings, or Contaminate may cause inaccurate times.
  • Supply counts are checked every 10 seconds.